 Dungeon Crawl Stone Soup version 0.32-a0-616-g9348d4545b (webtiles) character file.

Game seed: 5831301776320749380

31 hikkokomori the Shooter (level 3, -2/28 HPs)
             Began as a Coglin Hunter on Mar 5, 2024.
             Slain by a gnoll
             ... wielding a +0 flail
              (5 damage)
             ... on level 1 of the Dungeon.
             The game lasted 00:02:04 (795 turns).

hikkokomori the Shooter (Coglin Hunter)              Turns: 795, Time: 00:02:05

Health: -2/28      AC:  4    Str: 11    XL:     3   Next: 22%
Magic:  3/3        EV: 12    Int:  8    God:
Gold:   90         SH:  0    Dex: 19    Spells: 2/2 levels left

rFire   . . .        a - +2 sling {Ankhesenamen}
rCold   . . .        d - +0 sling {Zoran}
rNeg    . . .        c - +0 leather armour
rPois   .            f - +0 helmet
rElec   .            (no cloak)
rCorr   .            (no gloves)
SInv    .            (no boots)
Will    .....        (amulet unavailable)
Stlth   ++           (ring unavailable)
HPRegen 0.24/turn    (ring unavailable)
MPRegen 0.08/turn    (no gizmo)

%: no passive effects
@: revving
A: off-hand wielding, slow wielding, warmup strikes, no jewellery
a: Invent Gizmo


You were on level 1 of the Dungeon.
You visited 1 branch of the dungeon, and saw 2 of its levels.

You collected 90 gold pieces.

Inventory:

Hand Weapons
 a - a +2 sling (weapon) {Ankhesenamen}
 d - a +0 sling (offhand) {Zoran}
Armour
 c - a +0 leather armour (worn)
 f - a +0 helmet (worn)
Scrolls
 b - a scroll of butterflies
 e - a scroll of noise {unknown}
 g - 2 scrolls of identify {unknown}
 h - 2 scrolls of fear {unknown}


   Skills:
 + Level 2.6 Fighting
 + Level 3.9 Ranged Weapons
 - Level 1.7 Dodging
 + Level 1.5 Stealth


You had 2 spell levels left.
You didn't know any spells.
Your spell library contained the following spells:

 Spells                   Type           Power      Damage    Failure   Level
 Apportation              Tloc           0%         N/A       50%         1
 Necrotise                Necr           0%         1d4       50%         1
 Sting                    Conj/Alch      0%         1d3       50%         1
 Summon Small Mammal      Summ           0%         N/A       50%         1


Dungeon Overview and Level Annotations

Branches:
Dungeon (2/15)

Altars:


Innate Abilities, Weirdness & Mutations

You can wield a second weapon in your off-hand.
It takes a long time for you to wield or remove held weapons.
Your first few attacks do less damage.
You cannot equip rings or amulets.


Message History

You have reached level 3!
Your experience leads to an increase in your attributes!
Increase (S)trength, (I)ntelligence, or (D)exterity?
You feel agile. x2
Your brain swirls with designs for a gigagenerator Ver.11.
You just need some more time...
You shoot a sling bullet.
The sling bullet hits the frilled lizard.
You kill the frilled lizard!
You shoot a sling bullet.
You start resting.
HP restored.
You climb downwards.
The adder hisses angrily.
The jackal bites you but does no damage.
The jackal barely misses you. The gnoll hits you with a +0 flail!
There is a stone staircase leading up, spattered with blood here.
There are monsters nearby!
The jackal bites you but does no damage.
The gnoll barely misses you.
The gnoll hits you from afar with a +0 halberd!
The jackal closely misses you. The ribbon worm closely misses you.
You climb upwards.
There is a stone staircase leading down here.
You shoot a sling bullet. The sling bullet hits the gnoll.
The gnoll is lightly wounded.
You shoot a sling bullet.
The sling bullet barely misses the gnoll.
The sling bullet barely misses the jackal.
The gnoll hits you with a +0 flail!
* * * LOW HITPOINT WARNING * * *
The gnoll closely misses you.
You aren't carrying any potions.
Okay, then.
You shoot a sling bullet.
The sling bullet closely misses the gnoll.
The sling bullet barely misses the jackal.
You shoot a sling bullet. The sling bullet hits the gnoll.
The gnoll is moderately wounded.
The gnoll hits you with a +0 flail.
You die...

# ######### ## #[......#
.#################÷#####.#
.....>..........##.# #.#
.##.##########.÷##.### #.#
###.# #..@gh..# #.# #
#.###### ##.##w#.#
#.######## # #..#...##
#.##.#.# #.#.......
###.#.###.## #.##.#.#
#†#>###### ##...##
##.####.##.#.###.#.# #...
.....# #.................#
#.## ##...##
##.######.##.####### #.#
###...###..# #.##.# #.#
.....#...#.# #.##.# #.#


You could see a ribbon worm, a gnoll and a jackal.

Vanquished Creatures
  A gnoll (D:1)
  2 endoplasms (D:1)
  2 giant cockroaches (D:1)
  3 hobgoblins (D:1)
  A jackal (D:2)
  2 kobolds (D:1)
  A quokka (D:1)
  3 ball pythons
  2 bats
  2 frilled lizards (D:1)
  A rat (D:1)
20 creatures vanquished.

Notes
Turn   | Place    | Note
-------+----------+-------------------------------------------
     0 | D:1      | hikkokomori the Coglin Hunter began the quest for the Orb.
     0 | D:1      | Reached XP level 1. HP: 16/16 MP: 1/1
   116 | D:1      | Reached skill level 1 in Stealth
   143 | D:1      | Reached XP level 2. HP: 22/22 MP: 2/2
   752 | D:1      | Reached XP level 3. HP: 19/28 MP: 3/3
   795 | D:1      | Slain by a gnoll

Illustrated notes

Levels and vault maps discovered:
D:1:      lemuel_arrival_tunnels, layout_loops_ring, serial_glass,
          glass_columns_b, glass_columns_c
D:2:      layout_rooms, basic_altar, minmay_hexomino_c4, uniq_jessica,
          uniq_crazy_yiuf_cottage

Skill      XL: |  1 |
---------------+----+-----
Stealth        | 1 |  1.5
Fighting       | |  2.6
Ranged Weapons | |  3.9
Dodging        | |  1.7

Action                     || total
---------------------------++-------
   Fire: Sling             ||    78
 Armour: Leather armour    ||    10
  Dodge: Dodged            ||    14

Table legend: (Time is in decaauts)
 A = Elapsed time spent in this place.
 B = Non-inter-level travel time spent in this place.
 C = Inter-level travel time spent in this place.
 D = Time resting spent in this place.
 E = Time spent auto-exploring this place.
 F = Levels seen in this place.
 G = Mean time per level.
                   A        B        C        D        E       F      G
               +--------+--------+--------+--------+--------+-----+--------+
         Total |    805 |    782 |     23 |     36 |    638 |   2 |  402.5 |
       Dungeon |    805 |    782 |     23 |     36 |    638 |   2 |  402.5 |
               +--------+--------+--------+--------+--------+-----+--------+

Top non-repeatable levels by time:
     D:1: 778 daAuts
     D:2: 27 daAuts
